 Dungeon Crawl Stone Soup version 0.31-a0-175-g9f7f995f2b (webtiles) character file.

Game seed: 2213634576600089709

56 pokeman the Magician (level 3, -2/20 HPs)
             Began as a Deep Elf Hedge Wizard on June 16, 2023.
             Slain by an orc priest
             ... wielding a +0 club
              (5 damage)
             ... on level 3 of the Dungeon.
             The game lasted 00:03:03 (2054 turns).

pokeman the Magician (Deep Elf Hedge Wizard)        Turns: 2054, Time: 00:03:04

Health: -2/20      AC:  2    Str:  7    XL:     3   Next: 71%
Magic:  9/11       EV: 12    Int: 20    God:
Gold:   75         SH:  0    Dex: 14    Spells: 4/12 levels left

rFire   . . .        a - +0 dagger
rCold   . . .        (no shield)
rNeg    . . .        b - +0 robe
rPois   .            c - +0 hat
rElec   .            (no cloak)
rCorr   .            (no gloves)
SInv    .            (no boots)
Will    .....        (no amulet)
Stlth   ++           (no ring)
HPRegen 0.23/turn    (no ring)
MPRegen 0.12/turn

%: no passive effects
@: no status effects
A: no striking features
a: no special abilities


You were on level 3 of the Dungeon.
You visited 1 branch of the dungeon, and saw 3 of its levels.

You collected 75 gold pieces.

Inventory:

Hand Weapons
 a - a +0 dagger (weapon)
Armour
 b - a +0 robe (worn)
 c - a +0 hat (worn)
Scrolls
 e - a scroll of torment {unknown}
 g - 3 scrolls of identify {unknown}
 h - a scroll of vulnerability {unknown}
 j - a scroll of blinking {unknown}
 m - a scroll of noise {unknown}
 n - a scroll of teleportation {unknown}
Potions
 d - a potion of magic
 f - a potion of enlightenment {unknown}
 i - a potion of cancellation {unknown}
 k - a potion of haste {unknown}
 l - 2 potions of curing {unknown}


   Skills:
 - Level 1.0 Fighting
 - Level 1.0 Armour
 + Level 2.4 Dodging
 + Level 2.4 Stealth
 * Level 5.4 Spellcasting
 + Level 2.0 Conjurations
 - Level 1.1 Summonings
 - Level 1.1 Translocations


You had 4 spell levels left.
You knew the following spells:

 Your Spells              Type           Power      Damage    Failure   Level
a - Magic Dart            Conj           52%        1d5       4%          1
b - Mephitic Cloud        Conj/Pois/Air  8%         N/A       26%         3
c - Call Imp              Summ           18%        N/A       11%         2
d - Blink                 Tloc           18%        N/A       11%         2

Your spell library contained the following spells:

 Spells                   Type           Power      Damage    Failure   Level
 Beastly Appendage        Tmut           10%        N/A       11%         1
 Slow                     Hex            20%        N/A       11%         1
 Cigotuvi's Dreadful Rot  Necr/Pois/Air  10%        N/A       17%         2
 Scorch                   Fire           10%        2d5       17%         2
 Wereblood                Tmut           5%         N/A       17%         2
 Spider Form              Tmut/Pois      5%         N/A       32%         3
 Flame Wave               Conj/Fire      9%         2d6       58%         4
 Summon Cactus Giant      Summ           4%         N/A       100%        6


Dungeon Overview and Level Annotations

Branches:
Dungeon (3/15)

Altars:


Message History

You barely miss the orc priest.
The orc priest is severely wounded.
The rat closely misses you. The orc priest hits you with a +0 club.
You hit the orc priest but do no damage.
The orc priest is severely wounded.
A ball python comes into view.
The rat bites you.
You barely miss the orc priest.
The orc priest is severely wounded.
The rat closely misses you. The orc priest closely misses you.
The orc priest barely misses itself.
You hit the orc priest but do no damage.
The orc priest is severely wounded.
A bat comes into view.
The rat barely misses you.
A hobgoblin comes into view.
You hit the orc priest but do no damage.
The orc priest is severely wounded.
The rat bites you. The orc priest hits you with a +0 club.
You hit the orc priest but do no damage.
The orc priest is severely wounded.
The rat bites you.
* * * LOW HITPOINT WARNING * * *
The orc priest barely misses you.
Unknown command.
You hit the orc priest but do no damage.
The orc priest is severely wounded.
The rat bites you.
* * * LOW HITPOINT WARNING * * *
The orc priest hits you with a +0 club.
* * * LOW HITPOINT WARNING * * *
The orc priest hits itself with a +0 club.
You hit the orc priest.
The orc priest is almost dead.
The orc priest seems less confused.
The rat closely misses you.
An orc wizard comes into view. It is wielding a +0 dagger.
Unknown command.
The orc priest attacks as you move away!
The orc priest hits you with a +0 club.
You die...

### ..#
##.# ...
#.# #
##r###S†###
#..@oob....
#..###go###
.##.###..#
#
.........#
###.###.##
#.# #.#
#.####.###
#.<.......


You could see an orc priest, an orc wizard (wandering), an orc, a hobgoblin, a
bat, a ball python and a rat.

Vanquished Creatures
  An adder (D:2)
  7 endoplasms
  2 giant cockroaches
  3 hobgoblins
  3 ball pythons (D:1)
  12 bats
  5 frilled lizards
  5 goblins
  5 kobolds (D:1)
  7 rats
  A spectral goblin (D:1)
51 creatures vanquished.

Notes
Turn   | Place    | Note
-------+----------+-------------------------------------------
     0 | D:1      | pokeman the Deep Elf Hedge Wizard began the quest for the
                  | Orb.
     0 | D:1      | Reached XP level 1. HP: 10/10 MP: 7/7
   181 | D:1      | You fall into a shaft and drop 1 floor!
   263 | D:2      | Reached XP level 2. HP: 16/16 MP: 7/9
   586 | D:1      | Reached skill level 5 in Spellcasting
   747 | D:1      | Reached XP level 3. HP: 20/20 MP: 8/11
   751 | D:1      | Learned a level 3 spell: Mephitic Cloud
   754 | D:1      | Learned a level 2 spell: Call Imp
   757 | D:1      | Learned a level 2 spell: Blink
  1211 | D:1      | Reached skill level 1 in Armour
  1322 | D:1      | Found a faded altar of an unknown god.
  1462 | D:2      | Reached skill level 1 in Fighting
  2054 | D:3      | Slain by an orc priest

Illustrated notes

Levels and vault maps discovered:
D:1:      psy_arrival_terrarium, layout_rooms,
          dreamdust_ecumenical_altar_drowned_temple, st_stairs_10
D:2:      layout_basic
D:3:      layout_loops_ring, mainiacjoe_overflow_alcove_4

Skill      XL: |  1  2  3 |
---------------+----------+-----
Spellcasting   | 5 |  5.4
Armour         | 1 |  1.0
Fighting       | 1 |  1.0
Conjurations   | 2 |  2.0
Dodging        | |  2.4
Stealth        | |  2.4
Summonings     | |  1.1
Translocations | |  1.1

Action                     || total
---------------------------++-------
  Melee: Dagger            ||    16
         Punch             ||     1
   Cast: Magic Dart        ||   120
         Mephitic Cloud    ||     1
   Stab: Confused          ||     1
 Armour: Robe              ||     6
  Dodge: Dodged            ||    27

Table legend: (Time is in decaauts)
 A = Elapsed time spent in this place.
 B = Non-inter-level travel time spent in this place.
 C = Inter-level travel time spent in this place.
 D = Time resting spent in this place.
 E = Time spent auto-exploring this place.
 F = Levels seen in this place.
 G = Mean time per level.
                   A        B        C        D        E       F      G
               +--------+--------+--------+--------+--------+-----+--------+
         Total |   2056 |   2033 |     23 |      0 |   1787 |   3 |  685.3 |
       Dungeon |   2056 |   2033 |     23 |      0 |   1787 |   3 |  685.3 |
               +--------+--------+--------+--------+--------+-----+--------+

Top non-repeatable levels by time:
     D:1: 1071 daAuts
     D:2: 958 daAuts
     D:3: 26 daAuts
